 Dungeon Crawl Stone Soup version 0.28.0-53-g5a82cb258f (webtiles) character file.

Game seed: 10333939207429920545

4518 buhh the Fighter (level 10, -4/81 HPs)
             Began as a Formicid Hunter on June 21, 2022.
             Was a Believer of Hepliaklqana.
             Slain by a death yak (16 damage)
             ... on level 9 of the Dungeon.
             The game lasted 00:14:35 (10002 turns).

buhh the Fighter (Formicid Hunter)                 Turns: 10002, Time: 00:14:35

Health: -4/81      AC:  8    Str: 17    XL:     10   Next: 66%
Magic:  10/10      EV: 12    Int: 13    God:    Hepliaklqana [**....]
Gold:   439        SH:  0    Dex: 13    Spells: 9/9 levels left

rFire   . . .      SeeInvis +   a - +1 hand crossbow
rCold   . . .      Faith    .   (no shield)
rNeg    . . .      Spirit   .   o - +0 steam dragon scales
rPois   .          Reflect  .   (helmet unavailable)
rElec   .          Harm     .   (no cloak)
rCorr   .          Rampage  .   y - +2 pair of gloves
Will    +....                   (no boots)
Stlth   ++........              (no amulet)
HPRegen 0.23/turn               (no ring)
MPRegen 0.12/turn               (no ring)

@: invisible
A: reduced essence, permanent stasis, dig shafts and tunnels, antennae 3, four
strong arms
a: Dig, Shaft Self, Renounce Religion, Recall Ancestor, Ancestor Identity


You were on level 9 of the Dungeon.
You worshipped Hepliaklqana.
Hepliaklqana was pleased with you.
You visited 2 branches of the dungeon, and saw 10 of its levels.

You collected 439 gold pieces.

Inventory:

Hand Weapons
 a - a +1 hand crossbow (weapon)
 b - a +0 short sword
Missiles
 d - 22 bolts (quivered ammo)
 e - 15 poisoned darts
 m - 5 curare-tipped darts
Armour
 c - a +0 leather armour
 o - +0 steam dragon scales (worn)
 y - a +2 pair of gloves (worn)
Magical Staves
 q - a staff of fire
Wands
 f - a wand of flame (30)
 v - a wand of digging (13)
 x - a wand of mindburst (7)
 A - a wand of polymorph (3)
 D - a wand of acid (21)
 F - a wand of iceblast (8)
Scrolls
 g - a scroll of identify {!d}
 h - 2 scrolls of fear {!r}
 i - 2 scrolls of summoning
 r - a scroll of brand weapon
 s - a scroll of noise {unknown}
 t - 4 scrolls of teleportation {!d}
 P - a scroll of magic mapping {!r!d}
 Q - a scroll of fog
 Z - 2 scrolls of enchant armour
Potions
 j - a potion of ambrosia {unknown}
 l - a potion of degeneration {unknown}
 n - a potion of flight {unknown}
 p - 2 potions of curing {unknown}
 u - a potion of heal wounds {unknown}
 w - 2 potions of berserk rage {unknown}
 z - a potion of lignification {unknown}
 H - 3 potions of invisibility {!q!d}


   Skills:
 + Level 12.8 Fighting
 - Level 10.0 Crossbows
 - Level 2.0 Dodging
 - Level 3.0 Stealth


You had 9 spell levels left.
You didn't know any spells.
Your spell library contained the following spells:

 Spells                   Type           Power      Damage    Failure   Level
 Animate Skeleton         Necr           0%         N/A       30%         1
 Pain                     Necr           0%         1d4       30%         1
 Summon Small Mammal      Summ           0%         N/A       30%         1
 Ensorcelled Hibernation  Hex/Ice        0%         N/A       43%         2
 Call Canine Familiar     Summ           0%         N/A       67%         3
 Conjure Flame            Conj/Fire      0%         6-21      67%         3
 Gell's Gravitas          Tloc           0%         N/A       67%         3
 Ignite Poison            Fire/Tmut/Pois 0%         N/A       67%         3
 Portal Projectile        Hex/Tloc       0%         N/A       67%         3
 Spider Form              Tmut/Pois      0%         N/A       67%         3
 Summon Guardian Golem    Hex/Summ       0%         N/A       67%         3
 Teleport Other           Tloc           0%         N/A       67%         3
 Vampiric Draining        Necr           0%         2d6       67%         3
 Anguish                  Hex/Necr       0%         N/A       97%         4
 Leda's Liquefaction      Hex/Erth       0%         N/A       97%         4
 Sticky Flame             Conj/Fire      0%         2d3       97%         4
 Dispersal                Tloc           0%         N/A       100%        6
 Malign Gateway           Summ/Tloc      0%         N/A       100%        7
 Summon Horrible Things   Summ           0%         N/A       100%        8


Dungeon Overview and Level Annotations

Branches:
Dungeon (9/15)             Temple (1/1) D:4            Lair (0/6) D:9
    Orc: D:9-12

Altars:
Ashenzari
Dithmenos
Elyvilon
Hepliaklqana
Sif Muna
Uskayaw
Vehumet
Xom

Annotations:
D:6 exclusion: 2 centaurs


Innate Abilities, Weirdness & Mutations

Your life essence is reduced to manifest your ancestor. (-10% HP)
You cannot be hasted, slowed, berserked, paralysed or teleported.
You can dig through walls and to a lower floor.
You have a pair of large antennae on your head. (SInv)
Your four strong arms can wield two-handed weapons with a shield.


Message History

The death yak is severely wounded.
The death yak gores Mirna!
Mirna hits the death yak with a +0 flail!
You shoot a bolt. Mirna avoids your attack.
The bolt hits the death yak.
You kill the death yak!
Your life force feels restored.
You shoot a bolt. Mirna avoids your attack.
The bolt hits the death yak but does no damage.
The death yak gores Mirna!
Mirna is destroyed!
You shoot a bolt.
The bolt hits the death yak but does no damage.
The death yak snorts and paws the ground.
You shoot a bolt. The bolt hits the death yak.
The death yak is lightly wounded.
The death yak snorts and paws the ground.
The death yak gores you.
You shoot a bolt. The bolt hits the death yak!!
The death yak is moderately wounded.
The death yak gores you!!
You shoot a bolt. The bolt hits the death yak.
The death yak is moderately wounded.
The death yak gores you!!
You are too injured to fight recklessly!
Aiming: Corrosive Bolt
Press: ? - help, Shift-Dir - straight line, f/p - death yak
Aim: a death yak (moderately wounded, 90% to hit)
The bolt of acid hits the death yak.
The acid corrodes the death yak!
The death yak is moderately wounded.
The bolt of acid hits the yak!
The acid corrodes the yak!
The yak is moderately wounded.
The bolt of acid hits the death yak!
The death yak is lightly wounded.
The death yak gores you!!
* * * LOW HITPOINT WARNING * * *
It was a potion of invisibility.
You fade into invisibility!
H - 3 potions of invisibility The death yak gores you!
You die...

# #..# # #..# #
#<.# # #..# # #(.#
# #..#
#####..#######
.............#####
.............YYY@#
###..#############
#..# #..# #..#
#..# #..#
###.<#########
.............#


You could see 2 death yaks and a yak (corroded).

Vanquished Creatures
  A death yak (D:9)
  A yak (D:9)
  A steam dragon (D:5)
  3 water moccasins
  An orc warrior (D:7)
  An ice beast (D:7)
  3 necrophages
  A hornet zombie (D:7)
  A centaur (D:5)
  6 phantoms
  A kobold brigand (D:6)
  A scorpion (D:7)
  A bullfrog (D:7)
  A water moccasin zombie (D:6)
  A water moccasin skeleton (D:2)
  6 killer bees (D:8)
  A wight (D:6)
  2 jellies
  A bullfrog zombie (D:5)
  A centaur zombie (D:6)
  5 hounds
  2 centaur skeletons (D:6)
  3 bullfrog skeletons
  2 iguanas
  5 orc wizards
  A killer bee zombie (D:6)
  2 adders (D:2)
  A white imp (D:7)
  A worm (D:3)
  2 dart slugs
  28 orcs
  8 endoplasms
  4 giant cockroaches
  11 goblins
  5 hobgoblins
  2 jackals (D:1)
  9 kobolds
  6 quokkas
  4 ball pythons
  3 bats
  2 frilled lizards (D:1)
  5 rats
146 creatures vanquished.

Vanquished Creatures (collateral kills)
  2 yaks (D:9)
  An ogre (D:7)
  2 sky beasts
  A kobold brigand (D:7)
  A bullfrog (D:8)
  2 killer bees (D:8)
  A howler monkey (D:8)
  A centaur zombie (D:7)
  An orc priest (D:7)
  A centaur skeleton (D:7)
  A shadow imp (D:7)
  7 orcs
  6 kobolds (D:7)
27 creatures vanquished.

Vanquished Creatures (others)
  A knight (D:9)
  2 ancestors
  A plant (D:8)
4 creatures vanquished.

Grand Total: 177 creatures vanquished

Notes
Turn   | Place    | Note
-------+----------+-------------------------------------------
     0 | D:1      | buhh the Formicid Hunter began the quest for the Orb.
     0 | D:1      | Reached XP level 1. HP: 16/16 MP: 1/1
     3 | D:1      | Noticed an electric eel
     4 | D:1      | Noticed an electric eel
    29 | D:1      | Found a faded altar of an unknown god.
   285 | D:1      | Reached XP level 2. HP: 23/23 MP: 2/2
   810 | D:1      | Reached XP level 3. HP: 28/28 MP: 3/3
  1669 | D:2      | Reached skill level 3 in Fighting
  1669 | D:2      | Reached XP level 4. HP: 5/35 MP: 4/4
  2331 | D:2      | Reached XP level 5. HP: 41/41 MP: 5/5
  4011 | D:4      | Reached skill level 4 in Fighting
  4159 | D:4      | Reached XP level 6. HP: 32/48 MP: 6/6
  4908 | D:4      | Found a staircase to the Ecumenical Temple.
  4917 | Temple   | Entered the Ecumenical Temple
  4927 | Temple   | Became a worshipper of Hepliaklqana the Forgotten
  4983 | D:5      | Entered Level 5 of the Dungeon
  5027 | D:5      | Reached skill level 5 in Fighting
  5079 | D:5      | Reached XP level 7. HP: 32/56 MP: 7/7
  5528 | D:5      | Reached skill level 6 in Fighting
  5687 | D:5      | Noticed a steam dragon
  5703 | D:6      | Noticed a water moccasin
  5748 | D:6      | Reached XP level 8. HP: 65/65 MP: 8/8
  5903 | D:6      | Reached skill level 7 in Fighting
  6388 | D:5      | Found Rodutedd's Fire Supplies.
  6564 | D:5      | Reached skill level 8 in Fighting
  6701 | D:5      | Reached XP level 9. HP: 67/74 MP: 9/9
  7268 | D:7      | Reached * piety under Hepliaklqana
  7280 | D:7      | Reached skill level 9 in Fighting
  8232 | D:7      | Found a radiant altar of Vehumet.
  8578 | D:7      | Reached skill level 10 in Fighting
  8847 | D:8      | Reached XP level 10. HP: 76/76 MP: 10/10
  8928 | D:8      | Found a shadowy altar of Dithmenos.
  9093 | D:8      | Reached skill level 11 in Fighting
  9118 | D:8      | Reached ** piety under Hepliaklqana
  9123 | D:8      | Remembered your ancestor Mirna as a knight
  9494 | D:8      | Found a shimmering altar of Xom.
  9494 | D:8      | Found a shimmering altar of Xom.
  9494 | D:8      | Noticed a yaktaur
  9548 | D:8      | Found a shimmering altar of Xom.
  9553 | D:8      | Found a shimmering altar of Xom.
  9553 | D:8      | Found a shimmering altar of Xom.
  9553 | D:8      | Noticed an eye of devastation
  9927 | D:9      | Found a staircase to the Lair.
  9930 | D:9      | Noticed a death yak
  9983 | D:9      | Noticed a death yak
  9984 | D:9      | Reached skill level 12 in Fighting
  9985 | D:9      | Noticed a death yak
  9995 | D:9      | Killed a death yak
 10002 | D:9      | Slain by a death yak

Illustrated notes

Levels and vault maps discovered:
D:1:      arrival_aquarium_b, layout_loops_ring,
          dreamdust_ecumenical_altar_statues, minmay_misc_feat_rugged,
          minmay_pentomino_t4
D:2:      layout_loops_corners
D:3:      minmay_spotlight, layout_basic, chequers_serial_rivers_small_a
D:4:      layout_cave_pools, minmay_temple_entry_stoned_glass
D:5:      layout_basic, nicolae_shop_fire_sale [nicolae_sub_dead_trees]
D:6:      cheibrodos_barr_body, layout_cave_pools
D:7:      layout_loops_ring, vehumet_altar_wand_db
D:8:      layout_basic, xom_shifter_show, grunt_dithmenos_shadows,
          serial_bayou_pond_e, hex_medium, serial_park_tiny_1,
          lightli_orcish_oven
D:9:      layout_small_grid, dpeg_lair_monsters, special_room
          [special_room_orc], kennysheep_decorative_pillar
Temple:   mainiacjoe_temple_coin_purse

Skill      XL: |  1  2  3  4  5  6  7  8  9 10 |
---------------+-------------------------------+-----
Dodging        | 2 |  2.0
Stealth        | 2 3 |  3.0
Fighting       | 3 4 5 6 8 10 12 | 12.8
Crossbows      | 5 6 8 10 | 10.0

Action                   |  1- 3 |  4- 6 |  7- 9 | 10-12 || total
-------------------------+-------+-------+-------+-------++-------
Melee: Short sword       |   105 |    70 |       |       ||   175
       Punch             |     1 |       |       |       ||     1
 Fire: Hand crossbow     |    15 |    71 |   227 |    75 ||   388
Throw: Dart              |       |    12 |     1 |       ||    13
Invok: Recall Ancestor   |       |       |     1 |       ||     1
       Ancestor Life: Kn |       |       |       |     1 ||     1
 Abil: Dig               |       |       |       |     1 ||     1
Evoke: Wand              |       |       |       |     1 ||     1
  Use: Scroll            |       |       |     7 |     1 ||     8
       Potion            |       |       |       |     1 ||     1
 Stab: Sleeping          |       |     2 |       |       ||     2
       Distracted        |       |     1 |       |       ||     1
Armor: Leather armour    |    26 |    15 |    18 |       ||    59
       Steam dragon scal |       |       |    23 |     2 ||    25
Dodge: Dodged            |    86 |    75 |    67 |     4 ||   232
